[Event "Early-Titled-Tuesday-Blitz-June-18-2024"]
[Site "Chess.com"]
[Date "2024.06.18"]
[Round "7"]
[White "JoliyRoger"]
[Black "NM_Antelacus"]
[Result "0-1"]
[WhiteElo "2426"]
[BlackElo "2317"]
[TimeControl "180+1"]
[EndTime "9:20:06 PDT"]
[Termination "NM_Antelacus won on time"]

1. d4 Nf6 2. c4 e6 3. Nc3 Bb4 4. a3 Bxc3+ 5. bxc3 O-O 6. f3 d5 7.
cxd5 exd5 8. e3 b6 9. Bd3 Ba6 10.
Ne2 Bxd3 11. Qxd3 c5 12. O-O Nc6 13. Ng3 Qd7 14. Ra2 Rad8 15. Re2 Rfe8 16. Bb2 Na5 17. Rd1 Nc4 18. Bc1 cxd4 19. cxd4 b5 20. e4 dxe4 21.
fxe4 Qg4 22. Rf1 a6 23. Rf4 Qg6 24. Ref2 Rd7 25. Qd1 Nxe4 26. Re2 Ncd6 27. Qe1 f5 28. Nxf5 Nxf5 29. Rexe4 Rde7 30. Rxe7 Rxe7 31. Re4 Rxe4 32. Qxe4 Nd6 33. Qa8+ Kf7 34. Qa7+ Ke6 35. d5+ Kxd5 36. Qxa6 Qb1 37. Qa8+ Ke6 38. Qc6 b4 0-1

[Event "Early-Titled-Tuesday-Blitz-June-18-2024"]
[Site "Chess.com"]
[Date "2024.06.18"]
[Round "7"]
[White "LastGladiator1"]
[Black "Javokhir_Sindarov05"]
[Result "1-0"]
[WhiteElo "2992"]
[BlackElo "3053"]
[TimeControl "180+1"]
[EndTime "9:20:08 PDT"]
[Termination "LastGladiator1 won by resignation"]

1. d4 Nf6 2. c4 g6 3. Nc3 Bg7 4. e4 O-O 5. Nf3 d6 6. Be2 c5 7. O-O cxd4 8. Nxd4 Nc6 9. Be3 Bd7 10. h3 a6 11. a4 Nxd4 12. Bxd4 a5 13. Re1 Bc6 14. Bd3 Nd7 15. Bc2 Bxd4 16. Qxd4 Qb6 17. Qd2 Nc5 18. Rab1 Qb4 19. b3 e5 20. Red1 Rad8 21.
f3 Ne6 22. Kh1 Nd4 23. Ne2 Qxd2 24. Rxd2 Nxe2 25. Rxe2 f6 26. Kg1 Kf7 27. Kf2 Ke6 28.
Ke3 f5 29. Rd1 f4+ 30. Kd2 g5 31. Kc3 h5 32. Red2 b6 33. Rh1 Rh8 34. Kd3 g4 35. hxg4 hxg4 36. Rxh8 Rxh8 37. fxg4 Rh1 38. Bd1 Re1 39.
Be2 Rb1 40. Bd1 Rb2 41. Rxb2 1-0

[Event "Early-Titled-Tuesday-Blitz-June-18-2024"]
[Site "Chess.com"]
[Date "2024.06.18"]
[Round "7"]
[White "zimmm36"]
[Black "FGHSMN"]
[Result "1-0"]
[WhiteElo "2789"]
[BlackElo "2900"]
[TimeControl "180+1"]
[EndTime "9:20:08 PDT"]
[Termination "zimmm36 won by checkmate"]

1. c4 e5 2. g3 Nc6 3. Bg2 f5 4. Nc3 Nf6 5. e3 e4 6. Nge2 Ne5 7.
O-O Be7 8. b3 O-O 9. Nf4 g5 10.
Nfd5 c6 11. Nxe7+ Qxe7 12. Ne2 Nf3+ 13. Bxf3 exf3 14. Nd4 g4 15. Nxf5 Qe5 16. Nh6+ Kg7 17. d4 Qh5 18. e4 Qh3 19. Nf5+ Kg8 20. Nh4 Nxe4 21. d5 Nc3 22. Qe1 Ne2+ 23. Kh1 d6 24. Bb2 Bf5 25. Qd2 Bg6 26. Qg5 Rae8 27. Rg1 Nxg1 28.
Rxg1 Rf7 29. dxc6 bxc6 30. c5 d5 31. Bd4 Kf8 32. b4 Re4 33. Qd8+ Re8 34. Qd6+ Kg8 35. Qxc6 Re2 36. Qc8+ Rf8 37. Qd7 Rf7 38. Qd8+ Rf8 39. Qxd5+ Rf7 40. c6 Rc2 41. Qe5 Kf8 42.
Qb8+ Ke7 43. Qc7+ Ke6 44. Qe5# 1-0

[Event "Early-Titled-Tuesday-Blitz-June-18-2024"]
[Site "Chess.com"]
[Date "2024.06.18"]
[Round "7"]
[White "Shuvalov"]
[Black "arctic_t00"]
[Result "0-1"]
[WhiteElo "2607"]
[BlackElo "2732"]
[TimeControl "180+1"]
[EndTime "9:20:08 PDT"]
[Termination "arctic_t00 won by resignation"]

1. d4 Nf6 2. c4 e6 3. Nc3 Bb4 4. Qc2 d6 5. e4 c5 6. d5 O-O 7.
Bd3 exd5 8. exd5 b5 9. Ne2 bxc4 10. Bxc4 Nbd7 11. Bf4 Nb6 12. Qd3 a5 13. O-O Nxc4 14. Qxc4 Ba6 15. Qb3 a4 16. Qc2 a3 17. Rfd1 axb2 18.
Qxb2 Rb8 19. Qc2 Re8 20. Ng3 Qd7 21. a3 Ba5 22. h3 h6 23. Nce4 Nxe4 24. Nxe4 Qf5 25.
Bxd6 Rbd8 26. Qxc5 Rxe4 27. Qxa5 Rxd6 28. Re1 Rxe1+ 29. Rxe1 Qxd5 30. Qc7 Re6 31. Rxe6 Qxe6 32. Qc5 Bd3 33. a4 Kh7 34. a5 Qf5 35. Qxf5+ Bxf5 36. a6 Be4 37. a7 Ba8 38. f3 g5 39. Kf2 Kg6 40. Ke3 Kf5 41. g4+ Ke5 42. Ke2 Kf4 43.
Kf2 Bxf3 0-1

[Event "Early-Titled-Tuesday-Blitz-June-18-2024"]
[Site "Chess.com"]
[Date "2024.06.18"]
[Round "7"]
[White "Angry_Twin"]
[Black "Bob_2004"]
[Result "1-0"]
[WhiteElo "2928"]
[BlackElo "2772"]
[TimeControl "180+1"]
[EndTime "9:20:10 PDT"]
[Termination "Angry_Twin won by resignation"]

1. d4 d5 2. c4 e6 3. Nf3 Nf6 4. Nc3 c6 5. e3 Nbd7 6. Qc2 Bd6 7. Bd3 O-O 8. O-O dxc4 9. Bxc4 e5 10. a3 a6 11. Ba2 Qc7 12. h3 c5 13. dxe5 Nxe5 14. Ng5 Ng6 15. Nce4 Be7 16. b4 Bf5 17. Bb2 Nxe4 18.
Nxe4 Qc6 19. Qc3 Bf6 20. Nxf6+ Qxf6 21. Qxf6 gxf6 22. bxc5 Ne5 23. f4 Nd3 24. Bxf6 Rfc8 25. Bd5 Rab8 26. e4 Rxc5 27. Bd4 Ra5 28. Rad1 Rd8 29.
Bf6 Rdxd5 30. exd5 Rxd5 31. Rfe1 h5 32. Re5 Rxe5 33.
fxe5 b5 34. g4 hxg4 35. hxg4 Bg6 36. Kg2 a5 37. Kf3 b4 38. axb4 axb4 39. Ke3 b3 40.
Rxd3 b2 41. Rd8+ 1-0

[Event "Early-Titled-Tuesday-Blitz-June-18-2024"]
[Site "Chess.com"]
[Date "2024.06.18"]
[Round "7"]
[White "Cmorales2001"]
[Black "betta2004"]
[Result "0-1"]
[WhiteElo "2320"]
[BlackElo "2471"]
[TimeControl "180+1"]
[EndTime "9:20:10 PDT"]
[Termination "betta2004 won on time"]

1. e4 e5 2. Nf3 Nf6 3. Nxe5 Nc6 4. Nf3 Nxe4 5. d4 d5 6. Bd3 Bd6 7. O-O O-O 8. c4 Nf6 9. Nc3 dxc4 10. Bxc4 Bg4 11.
Be3 Qd7 12. Re1 Rae8 13. h3 Bh5 14. Be2 Ne7 15. Ne5 Bxe2 16. Rxe2 Qc8 17. Nc4 Nf5 18.
Nxd6 Nxd6 19. Bf4 Rxe2 20. Qxe2 Re8 21. Qd3 Qd7 22. Rd1 a6 23. Be5 Re6 24. f4 Nde8 25. d5 Rb6 26. b3 Nd6 27. Bxf6 gxf6 28. Qd4 Nf5 29. Qe4 Nd6 30. Qd4 Ne8 31. Ne4 a5 32.
d6 Rc6 0-1

[Event "Early-Titled-Tuesday-Blitz-June-18-2024"]
[Site "Chess.com"]
[Date "2024.06.18"]
[Round "7"]
[White "mitrabhaa"]
[Black "Flawless_Fighter"]
[Result "0-1"]
[WhiteElo "2951"]
[BlackElo "2816"]
[TimeControl "180+1"]
[EndTime "9:20:11 PDT"]
[Termination "Flawless_Fighter won on time"]

1. d4 Nf6 2. Nf3 d5 3. Bf4 c5 4. e3 Nc6 5. Nbd2 Nh5 6. Be5 e6 7. c3 f6 8. Bg3 cxd4 9. exd4 g6 10.
Bd3 Bh6 11. O-O O-O 12. Re1 Bd7 13. Nf1 Nxg3 14. hxg3 Qb6 15. Rb1 Rae8 16. Ne3 Bg7 17. c4 dxc4 18. Bxc4 Kh8 19. d5 exd5 20. Nxd5 Qc5 21.
Bb3 Rxe1+ 22. Qxe1 Re8 23. Qd2 Bf5 24. Re1 Rd8 25.
Qf4 Ne5 26. Nxe5 fxe5 27. Rxe5 a5 28. Re7 Qd4 29. Qc7 Rc8 30. Qxa5 Qxb2 31. Re1 Bd4 32. Rf1 Bd3 33. Ne7 Bxf1 34. Qe1 Rf8 0-1

[Event "Early-Titled-Tuesday-Blitz-June-18-2024"]
[Site "Chess.com"]
[Date "2024.06.18"]
[Round "7"]
[White "stolencandy13"]
[Black "ShahMatKanal"]
[Result "0-1"]
[WhiteElo "2614"]
[BlackElo "2485"]
[TimeControl "180+1"]
[EndTime "9:20:11 PDT"]
[Termination "ShahMatKanal won on time"]

1. d4 d6 2. Bf4 g6 3. Nc3 Bg7 4. e4 c6 5. Nf3 b5 6. a4 b4 7. Ne2 Nf6 8. Ng3 h5 9. h3 h4 10. Ne2 Nxe4 11. Nc1 Bf5 12. Bd3 e5 13. dxe5 dxe5 14. Nxe5 Qd4 15. Bxe4 Qxe4+ 16. Qe2 Qxf4 17.
Nxg6+ Qe4 18. Nxh8 Bxh8 19. Nd3 a5 20. Rb1 Nd7 21.
Qxe4+ Bxe4 22. O-O Bxd3 23. cxd3 Nc5 24. Rfe1+ Kd7 25.
Re3 Nxa4 26. b3 Nc5 27. d4 Ne6 28. Re4 Bxd4 29. Rxh4 c5 30. Kf1 a4 31. bxa4 Rxa4 32.
f4 f5 33. Rh7+ Kd6 34. Rh6 Kd5 35. Rh5 Ng7 36. Rg5 Ke4 37. g3 Kf3 38. Rb3+ Bc3 39. Rb1 b3 40. Rg6 b2 0-1

[Event "Early-Titled-Tuesday-Blitz-June-18-2024"]
[Site "Chess.com"]
[Date "2024.06.18"]
[Round "7"]
[White "SilverCityIndigo"]
[Black "Guldona_2007"]
[Result "0-1"]
[WhiteElo "2397"]
[BlackElo "2275"]
[TimeControl "180+1"]
[EndTime "9:20:12 PDT"]
[Termination "Guldona_2007 won by resignation"]

1. d4 f5 2. Bg5 h6 3. Bh4 d6 4. e3 g5 5. Qh5+ Kd7 6. Bxg5 Qe8 7. Qxe8+ Kxe8 8. Bh4 e5 9. Nc3 Bg7 10. O-O-O Nc6 11. Nd5 Kd7 12. Nf3 e4 13. Nd2 Nce7 14. Nf4 Nf6 15. Nc4 Nfd5 16. Nh5 Rg8 17. Na5 Ng6 18.
Bg3 Bh8 19. c4 Nf6 20. Be2 c6 21. c5 d5 22. h4 Nxh5 23. Bxh5 b6 24. Nb3 Ba6 25.
Bd6 Bc4 26. Rdg1 Ne7 27. g4 Be2 28. Nd2 fxg4 29. Nf1 Bf3 30. Rh2 Nf5 31. Nd2 Nxd6 32. cxd6 Kxd6 33. Nxf3 gxf3 34. Rgh1 Bf6 35. Rh3 Rg7 36.
Kd2 Rag8 37. R1h2 Rg2 38. Ke1 Rxh2 39. Rxh2 Rg1+ 40. Kd2 Rg2 0-1

[Event "Early-Titled-Tuesday-Blitz-June-18-2024"]
[Site "Chess.com"]
[Date "2024.06.18"]
[Round "7"]
[White "mortngabriel"]
[Black "Viktor_Poddubnyi"]
[Result "0-1"]
[WhiteElo "2479"]
[BlackElo "2327"]
[TimeControl "180+1"]
[EndTime "9:20:12 PDT"]
[Termination "Viktor_Poddubnyi won on time"]

1. e4 g6 2. d4 Bg7 3. Nc3 d6 4. Be3 a6 5. Qd2 b5 6. O-O-O Bb7 7. Bd3 Nd7 8. h4 h5 9. Nh3 Ngf6 10. f3 e6 11. Kb1 Qe7 12. Ne2 c5 13. c3 Rc8 14.
Ng5 Nb6 15. dxc5 dxc5 16. Qe1 Nfd7 17. f4 c4 18. Bc2 b4 19. cxb4 c3 20. b3 Qxb4 21. Bc1 Nc4 22. Rxd7 Kxd7 23. Nxf7 Nd2+ 24. Ka1 Rhf8 25. Ng5 Ke7 26. e5 Rfd8 27. Ng3 a5 28. N3e4 a4 0-1

[Event "Early-Titled-Tuesday-Blitz-June-18-2024"]
[Site "Chess.com"]
[Date "2024.06.18"]
[Round "7"]
[White "averageFM"]
[Black "Cheer_Down"]
[Result "0-1"]
[WhiteElo "2564"]
[BlackElo "2444"]
[TimeControl "180+1"]
[EndTime "9:20:13 PDT"]
[Termination "Cheer_Down won by resignation"]

1. e4 e6 2. d4 d5 3. exd5 exd5 4. Nf3 Nf6 5. Bd3 c5 6. O-O c4 7. Re1+ Be7 8. Bf1 O-O 9. b3 cxb3 10. axb3 Nc6 11. h3 h6 12. c4 Be6 13. c5 Ne4 14. Nbd2 Bf6 15. Bb2 Nxc5 16. Ne5 Nd7 17. Nxc6 bxc6 18.
Bd3 c5 19. Rxe6 fxe6 20. Qg4 Re8 21. Re1 Qe7 22. Nf3 Rab8 23. Bg6 Rxb3 24. Bxe8 Qxe8 25.
Rxe6 Qf7 26. Rd6 Nf8 27. Bc1 Rb1 28. Qf4 Bxd4 29. Kh2 Qxf4+ 30. Bxf4 a5 31. Rd8 Kf7 32. Nxd4 cxd4 33. Rxd5 Ne6 34. Be5 a4 35. f4 g6 36. Rd7+ Ke8 37. Rd6 Ke7 38. Rd5 Rf1 39. Kg3 a3 40. Bd6+ Kf7 41. Bxa3 Nxf4 42. Rd7+ Ke6 43.
Rd6+ Ke5 44. Kh2 Rf2 45. Bc5 Rxg2+ 46. Kh1 Rd2 47. Rd8 Ke4 48. Bf8 h5 49. Bh6 Rf2 50. Re8+ Kf3 51. Rd8 Kg3 52. Kg1 Ne2+ 0-1

[Event "Early-Titled-Tuesday-Blitz-June-18-2024"]
[Site "Chess.com"]
[Date "2024.06.18"]
[Round "7"]
[White "ketster"]
[Black "Mikhail_Bryakin"]
[Result "0-1"]
[WhiteElo "2577"]
[BlackElo "2762"]
[TimeControl "180+1"]
[EndTime "9:20:15 PDT"]
[Termination "Mikhail_Bryakin won by checkmate"]

1. Nf3 Nf6 2. c4 c5 3. Nc3 Nc6 4. g3 g6 5. Bg2 Bg7 6. d4 cxd4 7.
Nxd4 O-O 8. O-O Qb6 9. Ndb5 d6 10.
Be3 Qd8 11. Rc1 Be6 12. Nd5 a6 13. Nbc7 Rc8 14. Nxe6 fxe6 15. Nb6 Rc7 16. h3 Nd7 17. Qd2 e5 18. Nd5 Rc8 19. Bg5 Nf6 20. e3 h6 21.
Bxf6 Bxf6 22. b4 Bg7 23. b5 Nb8 24. a4 Nd7 25. Be4 Kh7 26. Nc3 Nc5 27. Bg2 Nb3 28. Qc2 Nxc1 29. Bxb7 Rxc4 30. Rxc1 axb5 31. axb5 e4 32. Qb3 Qc7 33. Bc6 d5 34. Ne2 Rxc1+ 35. Nxc1 d4 36. Qe6 dxe3 37. Qxe4 exf2+ 38. Kf1 Qxg3 39. Ne2 Qxh3+ 40. Qg2 Qd3 41. Be4 Qd1# 0-1

[Event "Early-Titled-Tuesday-Blitz-June-18-2024"]
[Site "Chess.com"]
[Date "2024.06.18"]
[Round "7"]
[White "Brown_Bear_MGL"]
[Black "GMG"]
[Result "1-0"]
[WhiteElo "2515"]
[BlackElo "2697"]
[TimeControl "180+1"]
[EndTime "9:20:15 PDT"]
[Termination "Brown_Bear_MGL won on time"]

1. b3 c5 2. Bb2 d6 3. e3 Nc6 4. Nf3 e5 5. d4 e4 6. Nfd2 cxd4 7.
Nxe4 dxe3 8. Bb5 exf2+ 9. Nxf2 Qe7+ 10. Kf1 Nh6 11. Nc3 Be6 12. Qf3 Qd7 13. Rd1 a6 14.
Bxc6 bxc6 15. Na4 Rd8 16. Nc5 Qc8 17. Nxe6 fxe6 18. Qh5+ Nf7 19. Ne4 e5 20. Ke2 Qe6 21. Rhf1 Be7 22. Ng3 O-O 23. Rd3 g6 24. Qf3 d5 25. Qe3 Qg4+ 26. Ke1 Bg5 27. Qe2 Qh4 28. Rdf3 Rde8 29. Kd1 e4 30. R3f2 e3 31. Rf3 c5 32.
Kc1 d4 33. Kb1 a5 34. Qc4 Re7 35. Qxc5 Qxh2 36. Qxd4 1-0

[Event "Early-Titled-Tuesday-Blitz-June-18-2024"]
[Site "Chess.com"]
[Date "2024.06.18"]
[Round "7"]
[White "aot317"]
[Black "Witik"]
[Result "0-1"]
[WhiteElo "2526"]
[BlackElo "2802"]
[TimeControl "180+1"]
[EndTime "9:20:16 PDT"]
[Termination "Witik won on time"]

1. d4 Nf6 2. c4 g6 3. Nf3 Bg7 4. g3 c6 5. Bg2 O-O 6. O-O d5 7. Nc3 dxc4 8. Ne5 Ng4 9. f4 Nxe5 10. fxe5 c5 11. e3 Nc6 12. Bxc6 bxc6 13. b3 cxd4 14.
exd4 c5 15. Be3 cxd4 16. Bxd4 Qa5 17. Qe2 Rd8 18. Qe3 Bh3 19. Rfd1 Qb4 20. Rd2 cxb3 21.
axb3 Qxb3 22. Rxa7 Rxa7 23. Bxa7 Ra8 24. Ra2 Qb7 25.
Nd1 Bxe5 26. Qxe5 Rxa7 27. Rb2 Qc7 28. Rb8+ Bc8 29. Qxc7 Rxc7 30. Ne3 Kg7 31. Nd5 Rc1+ 32. Kf2 Rc2+ 33. Ke3 Be6 34. Nxe7 Rxh2 35. Rg8+ Kf6 36. Nc6 Rg2 37. Nd4 Rxg3+ 38. Kf4 Rd3 0-1

[Event "Early-Titled-Tuesday-Blitz-June-18-2024"]
[Site "Chess.com"]
[Date "2024.06.18"]
[Round "7"]
[White "SuperGPatzer"]
[Black "Roland_Garros_2024"]
[Result "1-0"]
[WhiteElo "2103"]
[BlackElo "2199"]
[TimeControl "180+1"]
[EndTime "9:20:16 PDT"]
[Termination "SuperGPatzer won by resignation"]

1. g4 d5 2. h3 e5 3. d4 exd4 4. Qxd4 Nc6 5. Qa4 Bc5 6. Nc3 Ne7 7. Be3 Bxe3 8. fxe3 O-O 9. O-O-O Qd6 10. Nf3 Be6 11. Bg2 Rfd8 12. Ng5 Qe5 13. Qf4 h6 14. Qxe5 Nxe5 15. Nxe6 fxe6 16. e4 c6 17. exd5 exd5 18.
e4 d4 19. Ne2 c5 20. Nf4 Nc4 21. Rd3 Nc6 22. Nd5 N6e5 23. Rb3 b6 24. Rf1 Rf8 25. Kd1 Rxf1+ 26. Bxf1 Rf8 27. Ke1 Nf3+ 28. Rxf3 Rxf3 29. Bxc4 Rxh3 30. e5 Kh7 31. e6 Rh1+ 32. Ke2 Kg8 33. Ne7+ Kf8 34. Ng6+ Ke8 35. Bb5+ Kd8 36. e7+ Kc7 37.
e8=Q Rh2+ 38. Kf3 Rh3+ 39. Kg2 Re3 40. Qd7+ Kb8 41. Ba6 Re2+ 42. Kf3 Re3+ 43. Kf4 1-0

[Event "Early-Titled-Tuesday-Blitz-June-18-2024"]
[Site "Chess.com"]
[Date "2024.06.18"]
[Round "7"]
[White "tusplingher"]
[Black "suyu28"]
[Result "0-1"]
[WhiteElo "2580"]
[BlackElo "2771"]
[TimeControl "180+1"]
[EndTime "9:20:17 PDT"]
[Termination "suyu28 won on time"]

1. e4 c5 2. Nf3 d6 3. d4 cxd4 4.
Nxd4 Nf6 5. Bd3 a6 6. O-O g6 7. c4 Bg7 8. Nc3 O-O 9. h3 Bd7 10. Be3 Nc6 11. Nde2 Qa5 12. Rc1 Rfc8 13. b3 Qd8 14.
Qd2 Ne5 15. Rfd1 b5 16. cxb5 Nxd3 17. Qxd3 axb5 18. Nxb5 Rxa2 19. Rxc8 Qxc8 20. Nbc3 Ra3 21. Nd4 Qb7 22. Rc1 Ra5 23. f3 h5 24. Nce2 e5 25.
Nc2 d5 26. exd5 Nxd5 27. Bf2 Bh6 28. Rd1 Bf5 29. Qc4 Be6 30. Qd3 Rb5 31. b4 Nxb4 32.
Nxb4 Rxb4 33. Qd8+ Kh7 34. Nc3 Qb8 35. Qd3 Rb3 36.
Be1 Qb6+ 37. Kh1 Qc6 0-1

[Event "Early-Titled-Tuesday-Blitz-June-18-2024"]
[Site "Chess.com"]
[Date "2024.06.18"]
[Round "7"]
[White "Barboval"]
[Black "ningyzhou"]
[Result "1-0"]
[WhiteElo "2539"]
[BlackElo "2156"]
[TimeControl "180+1"]
[EndTime "9:20:17 PDT"]
[Termination "Barboval won by resignation"]

1. d4 d5 2. Bf4 Nf6 3. e3 Bf5 4. Nf3 e6 5. Nh4 Bg6 6. Nxg6 hxg6 7. h3 Bd6 8. Bxd6 Qxd6 9. c3 Nbd7 10. Nd2 c6 11.
Qb3 b6 12. Be2 e5 13. O-O-O O-O 14. h4 c5 15. h5 gxh5 16. Bxh5 cxd4 17. cxd4 Rac8+ 18.
Kb1 Nxh5 19. dxe5 Qg6+ 20. Ka1 Nc5 21. Qxd5 Rfd8 22. Qf3 Ne6 23. Qxh5 Qxh5 24. Rxh5 Rxd2 25. Rdh1 Kf8 26. Rh8+ Ke7 27. Rxc8 Rxf2 28. Ra8 Nc5 29. Rxa7+ Ke6 30. b4 Nd3 31. Rb7 Rxg2 32. Rxb6+ Kxe5 33. a4 g5 34. a5 g4 35. a6 g3 36. a7 Rh2 37. Rxh2 gxh2 38. a8=Q 1-0

[Event "Early-Titled-Tuesday-Blitz-June-18-2024"]
[Site "Chess.com"]
[Date "2024.06.18"]
[Round "7"]
[White "Sic_Transit_GM"]
[Black "Milop27"]
[Result "0-1"]
[WhiteElo "2571"]
[BlackElo "2449"]
[TimeControl "180+1"]
[EndTime "9:20:18 PDT"]
[Termination "Milop27 won on time"]

1. Nf3 c5 2. c4 Nc6 3. Nc3 g6 4. e3 Bg7 5. b3 e5 6. Bb2 d6 7.
Be2 Nge7 8. O-O O-O 9. Nd5 Nxd5 10. cxd5 Ne7 11. e4 Bh6 12. b4 b6 13. a4 Bd7 14.
a5 f5 15. exf5 Nxf5 16. axb6 axb6 17. bxc5 bxc5 18. Qc2 Qc7 19. d4 exd4 20. Nxd4 Bg7 21. Ne6 Bxe6 22. dxe6 Qc6 23. Bxg7 Kxg7 24. Bf3 d5 25.
Qb2+ Nd4 26. e7 Rfe8 27. Rxa8 Qxa8 28. Re1 Kg8 29. Bg4 Qc6 30. h4 Qf6 31. Qb7 Qd6 32.
g3 Kf7 33. h5 Rxe7 34. Rxe7+ Qxe7 35. Qxd5+ Kg7 36. hxg6 hxg6 37. Kg2 Kh6 38. Qg8 Qb7+ 39. Kh2 Qh7 40. Qf8+ Kg5+ 0-1

[Event "Early-Titled-Tuesday-Blitz-June-18-2024"]
[Site "Chess.com"]
[Date "2024.06.18"]
[Round "7"]
[White "Bigfish1995"]
[Black "vladislavkovalev"]
[Result "0-1"]
[WhiteElo "3106"]
[BlackElo "2861"]
[TimeControl "180+1"]
[EndTime "9:20:19 PDT"]
[Termination "vladislavkovalev won by resignation"]

1. Nf3 Nf6 2. b3 d5 3. Bb2 e6 4.
e3 b6 5. Bb5+ c6 6. Be2 Bb7 7.
d4 Nbd7 8. O-O Be7 9. Nbd2 O-O 10. a3 c5 11. dxc5 Nxc5 12. b4 Na4 13. Bd4 Ne4 14. Nxe4 dxe4 15. Ne5 f6 16. Nc4 e5 17.
Bb2 Ba6 18. Qb1 Qc8 19. b5 Bb7 20. Rd1 Qe6 21. Nd2 Rac8 22. c4 Rfd8 23. Qc2 Nc5 24.
a4 Nd3 25. a5 Qf5 26. Rf1 Bc5 27.
Ba3 h5 28. Bxc5 bxc5 29. f3 Qg5 30. f4 exf4 31. exf4 Nxf4 32. Rxf4 Qxf4 33. Nf1 e3 34. Bxh5 Rd2 35. Qg6 Qf2+ 0-1

[Event "Early-Titled-Tuesday-Blitz-June-18-2024"]
[Site "Chess.com"]
[Date "2024.06.18"]
[Round "7"]
[White "sirinbaba33"]
[Black "AniJak"]
[Result "1-0"]
[WhiteElo "2288"]
[BlackElo "2339"]
[TimeControl "180+1"]
[EndTime "9:20:19 PDT"]
[Termination "sirinbaba33 won by resignation"]

1. e4 Nf6 2. e5 Nd5 3. d4 d6 4.
Nf3 dxe5 5. Nxe5 c6 6. Be2 Bf5 7. O-O Nd7 8. Nf3 e6 9. c4 N5b6 10. Nc3 Be7 11. Bf4 O-O 12. h3 Bf6 13. Rc1 Re8 14. c5 Nd5 15. Bd6 Nxc3 16. bxc3 e5 17. Bc4 e4 18. Nh2 Bg5 19. f4 exf3 20. Qxf3 Bxc1 21. Qxf5 Be3+ 22. Kh1 Nf6 23. Ng4 Nxg4 24. Bxf7+ Kh8 25. Qxg4 Qc8 26. Bxe8 Qxe8 27. Be5 Bh6 28.
Rf6 Bd2 29. Rd6 Qf8 30. Rd7 Bh6 31. Kh2 Re8 32. Qh4 Kg8 33. Rxb7 Rxe5 34. dxe5 Bf4+ 35. Kh1 Bxe5 36. Qc4+ Kh8 37. Rf7 Qd8 38. Qf1 Bf6 39. Rxa7 h6 40. Rf7 Kh7 41. Qxf6 Qxf6 42. Rxf6 gxf6 43.
Kh2 Kg6 44. Kg3 Kf5 45. Kf3 Ke5 46. Kg4 Kd5 47. Kf5 Kxc5 48. Kxf6 Kc4 49. Ke6 c5 50. Kd6 1-0

[Event "Early-Titled-Tuesday-Blitz-June-18-2024"]
[Site "Chess.com"]
[Date "2024.06.18"]
[Round "7"]
[White "JAN2404"]
[Black "Timurist"]
[Result "1-0"]
[WhiteElo "2060"]
[BlackElo "2370"]
[TimeControl "180+1"]
[EndTime "9:20:20 PDT"]
[Termination "JAN2404 won by checkmate"]

1. e4 e6 2. d4 d5 3. e5 c5 4. c3 Nc6 5. Nf3 Nge7 6. Be2 cxd4 7. cxd4 Nf5 8. Nc3 Qb6 9. Na4 Bb4+ 10. Bd2 Qa5 11. Bc3 Bd7 12. a3 Bxc3+ 13. Nxc3 Qb6 14. Na4 Qa5+ 15. b4 Qd8 16. O-O b5 17.
Bxb5 Nxe5 18. Bxd7+ Nxd7 19. Rc1 O-O 20. Nc5 Nd6 21. Ne5 Nxe5 22. dxe5 Nc4 23. Qh5 g6 24. Qe2 Nxa3 25. Rfd1 Qe7 26. Qa6 Nc4 27. Nb7 Nxe5 28.
Nd6 Rfd8 29. Nb5 Nc4 30. Qc6 Qxb4 31. Rb1 Qe7 32. Qa6 Rac8 33. Nxa7 Ra8 34. Rb7 Qc5 35. Ra1 Nd2 36. Qd3 Ne4 37. Qf3 Qc3 38. Qxf7+ Kh8 39.
Qxh7# 1-0

[Event "Early-Titled-Tuesday-Blitz-June-18-2024"]
[Site "Chess.com"]
[Date "2024.06.18"]
[Round "7"]
[White "FXDon77"]
[Black "cthulhuuu"]
[Result "1-0"]
[WhiteElo "2867"]
[BlackElo "2375"]
[TimeControl "180+1"]
[EndTime "9:20:22 PDT"]
[Termination "FXDon77 won on time"]

1. e4 d6 2. d4 Nf6 3. Nc3 c6 4. f4 Qb6 5. Nf3 Bg4 6. e5 Nd5 7.
Nxd5 cxd5 8. c3 Nc6 9. h3 Bxf3 10.
Qxf3 e6 11. Bd3 Be7 12. exd6 Bxd6 13. O-O g6 14. Kh1 O-O-O 15. Qf2 h5 16. Be3 Qc7 17.
b4 Rdg8 18. a4 f6 19. a5 g5 20. a6 b6 21. f5 e5 22. b5 e4 23. bxc6 exd3 24.
Qd2 g4 25. h4 g3 26. Qxd3 Rg4 27. c4 Qxc6 28. Rac1 Kb8 29. c5 bxc5 30. dxc5 Be5 31. Rb1+ Ka8 32. Rb7 Rb8 33. Rfb1 Rxb7 34. Rxb7 d4 35.
Kg1 Rxh4 36. Qc4 Bb8 37. Qg8 1-0

[Event "Early-Titled-Tuesday-Blitz-June-18-2024"]
[Site "Chess.com"]
[Date "2024.06.18"]
[Round "7"]
[White "Roedor"]
[Black "Bilan_Danila"]
[Result "0-1"]
[WhiteElo "2421"]
[BlackElo "2575"]
[TimeControl "180+1"]
[EndTime "9:20:22 PDT"]
[Termination "Bilan_Danila won on time"]

1. d4 d5 2. c4 c6 3. Nf3 Nf6 4. Qb3 e6 5. Bg5 Nbd7 6. e3 Be7 7. Nc3 O-O 8. Bd3 dxc4 9. Bxc4 b6 10. O-O Bb7 11. Rfd1 Nd5 12. Bxe7 Qxe7 13. Nxd5 exd5 14. Bd3 Rac8 15. Bf5 g6 16. Bxd7 Qxd7 17. Rac1 f6 18. Ne1 Kg7 19. Nd3 Rfe8 20. Qa3 a5 21. b4 Ra8 22.
bxa5 Rxa5 23. Qb3 Rb5 24. Qc3 Ra8 25. Ra1 Ra4 26. h3 Qd6 27. g3 h5 28. h4 Rc4 29.
Qd2 Bc8 30. a4 Rb3 31. Rdb1 Rxb1+ 32. Rxb1 Bf5 33. Rxb6 Be4 34. Nc5 Rxc5 35. dxc5 Qxc5 36. Rb7+ Kh6 37. a5 Qa3 38. Qe1 c5 39. Rc7 c4 40.
Kh2 Qa2 41. Qc1 Qxf2+ 0-1

[Event "Early-Titled-Tuesday-Blitz-June-18-2024"]
[Site "Chess.com"]
[Date "2024.06.18"]
[Round "7"]
[White "ChEsper99"]
[Black "pineapplehhh"]
[Result "0-1"]
[WhiteElo "2248"]
[BlackElo "2111"]
[TimeControl "180+1"]
[EndTime "9:20:22 PDT"]
[Termination "pineapplehhh won by resignation"]

1. e4 e5 2. Nf3 Nc6 3. Bb5 a6 4.
Ba4 Nf6 5. O-O Be7 6. Re1 b5 7. Bb3 d6 8. c3 O-O 9. h3 Nb8 10. d4 Nbd7 11. a4 Bb7 12. Nbd2 c5 13. Bc2 Re8 14. Nf1 Bf8 15. Ng3 g6 16. Bg5 h6 17.
Bc1 exd4 18. cxd4 Bg7 19. Bf4 Qb6 20. a5 Qc6 21. Rc1 c4 22. b3 Qc7 23. bxc4 bxc4 24.
Bd3 Qxa5 25. Bxc4 Nxe4 26. Nxe4 Bxe4 27. Bxd6 Qb6 28. Qb3 Qxd6 29. Bxf7+ Kh7 30. Bxe8 Rxe8 31. Ne5 Bd5 32. Qc2 Nxe5 33. dxe5 Rxe5 34. Rcd1 Rxe1+ 35. Rxe1 Qc6 36. Qd2 Bxg2 37. Re7 Bh1 38. f3 Qxf3 39. Qb2 Qd1+ 40. Kh2 Qd6+ 41. Kxh1 Qxe7 0-1

[Event "Early-Titled-Tuesday-Blitz-June-18-2024"]
[Site "Chess.com"]
[Date "2024.06.18"]
[Round "7"]
[White "vladgoncharov"]
[Black "scarabee43"]
[Result "1/2-1/2"]
[WhiteElo "2667"]
[BlackElo "2870"]
[TimeControl "180+1"]
[EndTime "9:20:23 PDT"]
[Termination "Game drawn by repetition"]

1. d4 Nf6 2. c4 e6 3. Nc3 d5 4. cxd5 exd5 5. Bg5 h6 6. Bxf6 gxf6 7. e3 c6 8. Bd3 Bd6 9. g3 Nd7 10. Nge2 Nf8 11. Qc2 Bg4 12. Nf4 Ne6 13. Be2 Bxe2 14.
Nfxe2 Qe7 15. O-O-O h5 16. h4 Bc7 17. Kb1 O-O-O 18.
Na4 Kb8 19. Rc1 Bd6 20. Rhd1 Ka8 21. a3 Rc8 22. Ng1 Rc7 23. Nf3 b5 24. Nc5 Nxc5 25. dxc5 Be5 26. e4 Rd8 27. exd5 cxd5 28. Ne1 Rc6 29.
Nd3 a5 30. Qe2 Qc7 31. Nxe5 fxe5 32. Qxb5 Rb8 33. Qd3 d4 34. f4 f6 35. Rc4 Ka7 36. Rdc1 Qb7 37. R1c2 Qb5 38. Qe4 Rb7 39. fxe5 fxe5 40.
Qd5 Rf6 41. b4 axb4 42. Rxb4 Qf1+ 43. Kb2 Rxb4+ 44. axb4 Ra6 45. Qd7+ Kb8 46. Qd8+ Ka7 47. Qc7+ Ka8 48. Qc8+ Ka7 49. Qc7+ Ka8 50. Qc8+ Ka7 51. Qc7+ 1/2-1/2